 Dungeon Crawl Stone Soup version 0.21-a0-460-g737a915 (webtiles) character file.

2004 Laiders the Ruffian (level 9, -3/75 HPs)
             Began as a Pale Draconian Transmuter on Nov 20, 2017.
             Was a Believer of Okawaru.
             Slain by a hound (5 damage)
             ... on level 6 of the Dungeon.
             The game lasted 00:26:57 (8815 turns).

Laiders the Ruffian (Pale Draconian Transmuter)     Turns: 8815, Time: 00:26:57

Health: -3/75      AC:  2    Str: 18    XL:     9   Next: 2%
Magic:  14/17      EV: 17    Int: 19    God:    Okawaru [**....]
Gold:   239        SH:  0    Dex: 16    Spells: 8/19 levels left

rFire    . . .     SeeInvis .     - Unarmed
rCold    . . .     Gourm    .   (shield currently unavailable)
rNeg     . . .     Faith    .   (armour unavailable)
rPois    x         Spirit   .   (helmet currently unavailable)
rElec    .         Reflect  .   (cloak currently unavailable)
rCorr    .         Harm     .   (gloves currently unavailable)
MR       .....                  (boots currently unavailable)
Stlth    +.........             (no amulet)
HPRegen  0.22/turn              h - +5 ring of strength
MPRegen  0.15/turn              i - +2 ring of intelligence

@: spider-form, heavily drained
A: (breathe steam), unfitting armour, AC +7
a: End Transformation, Heroism, Renounce Religion


You were on level 6 of the Dungeon.
You worshipped Okawaru.
Okawaru was pleased with you.
You were hungry.
You were a venomous arachnid creature.
You visited 1 branch of the dungeon, and saw 6 of its levels.
You also visited: Sewer.

You collected 239 gold pieces.

Inventory:

Missiles
 B - 50 arrows
Armour
 f - a +0 pair of boots (melded)
 y - a +2 pair of gloves (melded)
Jewellery
 h - a +5 ring of strength (left front leg)
 i - a +2 ring of intelligence (right front leg)
 j - an uncursed amulet of the gourmand {unknown}
 t - an uncursed ring of resist corrosion
Scrolls
 d - 2 scrolls of amnesia
 e - a scroll of blinking {unknown}
 l - 5 scrolls of teleportation
 m - 2 scrolls of enchant armour {unknown}
 n - a scroll of noise
 p - 4 scrolls of identify
 v - 2 scrolls of magic mapping {unknown}
 C - 2 scrolls of enchant weapon {unknown}
Potions
 g - a potion of brilliance
 q - a potion of might
 u - a potion of haste {unknown}
 w - a potion of curing {unknown}
 z - a potion of magic {unknown}
 A - a potion of cancellation {unknown}
Books
 a - a book of Minor Magic

   Spells                             Type                      Level
   a - Magic Dart                     Conjuration                  1
   b - Blink                          Translocation                2
   c - Call Imp                       Summoning                    2
   d - Slow                           Hexes                        2
   e - Conjure Flame                  Conjuration/Fire             3
   f - Mephitic Cloud                 Conjuration/Poison/Air       3
 b - a book of Changes

   Spells                             Type                      Level
   a - Beastly Appendage              Transmutation                1
   b - Sticks to Snakes               Transmutation                2
   c - Spider Form                    Transmutation/Poison         3
   d - Ice Form                       Ice/Transmutation            4
   e - Blade Hands                    Transmutation                5
 x - a book of Maledictions

   Spells                             Type                      Level
   a - Corona                         Hexes                        1
   b - Ensorcelled Hibernation        Hexes/Ice                    2
   c - Confuse                        Hexes                        3
   d - Tukima's Dance                 Hexes                        3
   e - Dazzling Spray                 Conjuration/Hexes            3
Comestibles
 c - 3 bread rations
 k - 2 fruits
 r - 2 meat rations
 s - 3 royal jellies


   Skills:
 + Level 6.1(4.4) Fighting
 - Level 1.7(0.3) Dodging
 + Level 6.3(4.6) Unarmed Combat
 + Level 5.5(3.8) Spellcasting
 - Level 6.1(4.4) Transmutations
 - Level 3.0(1.4) Poison Magic


You had 8 spell levels left.
You knew the following spells:

 Your Spells              Type           Power        Failure   Level  Hunger
a - Beastly Appendage     Tmut           ###...       9%          1    None
b - Sticks to Snakes      Tmut           ###.....     11%         2    ##.....
c - Spider Form           Tmut/Pois      ##........   28%         3    ###....
d - Blade Hands           Tmut           ###.......   73%         5    ######.


Dungeon Overview and Level Annotations

Branches:
Dungeon (6/15)             Temple (0/1) D:4

Altars:
Ashenzari
Dithmenos
Elyvilon
Fedhas
Gozag
Kikubaaqudgha
Nemelex Xobeh
Okawaru
Ru
Sif Muna
Wu Jian
Xom
Zin
The Shining One

Shops:
D:6 =

Annotations:
D:6 Pikel


Innate Abilities, Weirdness & Mutations

((You can breathe blasts of scalding, opaque steam.))
((Your pale cyan-grey scales are hard. (AC +7)))
You cannot fit into any form of body armour.
((You are cold-blooded and may be slowed by cold attacks.))


Message History

Pikel hits you with a whip of freezing.
* * * LOW HITPOINT WARNING * * *
Pikel freezes you.
* * * LOW HITPOINT WARNING * * *
The hound closely misses you. The slave hits you but does no damage.
The slave hits you!
* * * LOW HITPOINT WARNING * * *
The slave hits you.
* * * LOW HITPOINT WARNING * * *
Okay, then.
Unknown command.
Press: ? - help, v - describe, . - travel A rock wall.
You feel like a meek peon again. The slave hits you.
* * * LOW HITPOINT WARNING * * *
There is an open door here.
The hound closely misses you. The hound bites you.
You die...

......##.).######.....#
....>..
......##...##..##.....# .h..p
...............#####'## ..Kp
..............(##.<...# ..#
......##[.###..##.....####'##
#.....##..###..##..pp.......##
#.....##....(..##...pg##.....#
#..............####K####....##
#.....[......)((shp...#######
#.....##..###.)##......#
#.....##..###..##)....##
#.....##...#...########
#...)<.#...#....#
#......'.[[#....#
#.....##..###..##
##+#####..###..##
#...............#


You could see Pikel, a slave and a hound.

Vanquished Creatures
  The ghost of Laiders the Changer, a novice DrTm (D:5)
  A phantom (D:6)
  3 ogres
  2 centaurs
  2 bullfrogs (Sewer)
  5 wights (D:6)
  2 crimson imps (D:5)
  2 hounds (D:4)
  6 orc wizards
  An orc priest (D:6)
  2 bullfrog skeletons (D:5)
  3 iguanas
  4 worker ants
  A hound zombie (D:5)
  4 gnolls
  7 adders
  An ooze (D:6)
  An adder skeleton (D:4)
  An adder zombie (D:5)
  3 worms
  3 dart slugs
  7 leopard geckos
  11 orcs
  5 ball pythons
  10 bats
  12 giant cockroaches
  4 goblins
  4 hobgoblins
  12 jackals
  5 quokkas
  13 frilled lizards
  9 kobolds
  A leopard gecko zombie (D:6)
  A quokka skeleton (D:4)
  7 rats
156 creatures vanquished.

Vanquished Creatures (collateral kills)
  Sigmund (D:2)
  2 gnolls (D:2)
  2 orcs (D:3)
  A quokka (D:2)
6 creatures vanquished.

Grand Total: 162 creatures vanquished

Notes
Turn   | Place    | Note
-------+----------+-------------------------------------------
     0 | D:1      | Laiders the Draconian Transmuter began the quest for the Orb.
     0 | D:1      | Reached XP level 1. HP: 16/16 MP: 3/3
   238 | D:1      | Reached XP level 2. HP: 21/23 MP: 3/5
   402 | D:1      | Learned a level 2 spell: Sticks to Snakes
  1042 | D:1      | Reached XP level 3. HP: 7/28 MP: 4/6
  1773 | D:2      | Found an opulent altar of Gozag.
  1839 | D:2      | Found a shadowy altar of Dithmenos.
  1842 | D:2      | Found a blossoming altar of Fedhas.
  1845 | D:2      | Found an ancient bone altar of Kikubaaqudgha.
  2035 | D:2      | Reached XP level 4. HP: 15/35 MP: 5/7
  2223 | D:2      | Learned a level 3 spell: Spider Form
  2611 | D:2      | Found an iron altar of Okawaru.
  2619 | D:2      | Became a worshipper of Warmaster Okawaru
  2729 | D:2      | Noticed Sigmund
  2758 | D:2      | Killed Sigmund
  2758 | D:2      | Reached * piety under Okawaru
  2758 | D:2      | Reached skill level 5 in Transmutations
  2758 | D:2      | Reached XP level 5. HP: 7/40 MP: 3/8
  3127 | D:3      | Found a sacrificial altar of Ru.
  3556 | D:3      | Found a glowing drain.
  3600 | Sewer    | Entered a sewer
  3611 | Sewer    | Reached XP level 6. HP: 45/47 MP: 5/9
  3809 | Sewer    | Reached skill level 1 in Poison Magic
  4749 | D:3      | Found a deep blue altar of Sif Muna.
  5141 | D:4      | Your scales start taking on a pale cyan-grey colour.
  5141 | D:4      | Reached XP level 7. HP: 41/56 MP: 5/11
  5226 | D:4      | Learned a level 5 spell: Blade Hands
  6030 | D:4      | Found a staircase to the Ecumenical Temple.
  6296 | D:5      | Entered Level 5 of the Dungeon
  6586 | D:5      | Reached ** piety under Okawaru
  6616 | D:5      | Found a white marble altar of Elyvilon.
  6617 | D:5      | Found a shattered altar of Ashenzari.
  6617 | D:5      | Found an ornate altar of the Wu Jian Council.
  6617 | D:5      | Found a glowing golden altar of the Shining One.
  6619 | D:5      | Found a shimmering altar of Xom.
  6619 | D:5      | Found a sparkling altar of Nemelex Xobeh.
  6621 | D:5      | Found a glowing silver altar of Zin.
  6780 | D:5      | Reached XP level 8. HP: 66/66 MP: 7/13
  7091 | D:5      | Noticed Laiders's ghost (novice DrTm)
  7133 | D:5      | Killed Laiders's ghost
  7133 | D:5      | Reached skill level 5 in Unarmed Combat
  7514 | D:5      | Reached skill level 5 in Fighting
  7895 | D:6      | Reached skill level 5 in Spellcasting
  7953 | D:6      | HP: 3/69 [orc priest/divine providence (12)]
  8579 | D:6      | Found Batowet's Jewellery Boutique.
  8636 | D:6      | Reached XP level 9. HP: 57/75 MP: 17/17
  8791 | D:6      | Noticed Pikel
  8811 | D:6      | HP: 2/75 [slave[Pikel] (5)]
  8815 | D:6      | Slain by a hound

Vault maps used:
D:1:      ncdulo_wetmaze
D:2:      nicolae_gozag_seed_capital, grunt_temple_overflow_diamond,
          first_bread, okawaru_gym_becter, uniq_sigmund
D:3:      led_sif_pool, cheibrodos_sewer_entry_bend,
          nicolae_ru_sacrificial_ziggurat
D:4:      temple_fountains
D:5:      grunt_temple_overflow_open
D:6:      serial_shops, shop_statue, uniq_crazy_yiuf_cottage, uniq_pikel
Sewer:    sewer_frog_island_01

Skill      XL: |  1  2  3  4  5  6  7  8 |
---------------+-------------------------+-----
Transmutations | 3 4 5 6 |  6.1
Poison Magic   | 1 3 |  3.0
Fighting       | 2 4 6 |  6.1
Spellcasting   | 3 5 |  5.5
Unarmed Combat | 4 6 |  6.3
Dodging        | |  1.7

Action                   |  1- 3 |  4- 6 |  7- 9 || total
-------------------------+-------+-------+-------++-------
Melee: Unarmed           |    33 |    52 |   336 ||   421
       Tailslap          |    10 |     9 |    34 ||    53
       Hand axe          |   131 |    92 |       ||   223
       Headbutt          |     4 |     7 |       ||    11
       Flail             |       |    26 |       ||    26
       Punch             |       |     1 |     6 ||     7
 Cast: Beastly Appendage |     5 |     5 |       ||    10
       Sticks to Snakes  |     3 |     8 |     5 ||    16
       Spider Form       |       |     6 |    11 ||    17
Invok: Heroism           |       |     1 |    11 ||    12
  Use: Scroll            |       |     8 |     1 ||     9
       Potion            |       |       |     2 ||     2
 Stab: Sleeping          |       |       |     1 ||     1
  Eat: Chunk             |     4 |    12 |    12 ||    28
Armor: Skin              |    69 |    63 |   106 ||   238
Dodge: Dodged            |   159 |   161 |   274 ||   594

Table legend:
 A = Spawn XP
 B = Non-spawn XP
 C = Spawn XP percentage of total XP
 D = Spawn monster count
 E = Non-spawn monster count
 F = Spawn count percentage of total count
 G = Total turns spent on level
                    A         B        C        D         E        F      G
               +---------+---------+-------+---------+---------+-------+---------
         Total |       0 |    2864 |   0.0 |       0 |     162 |   0.0 |  8815
               +---------+---------+-------+---------+---------+-------+---------
           D:1 |       0 |      52 |   0.0 |       0 |      21 |   0.0 |  1367
           D:2 |       0 |     222 |   0.0 |       0 |      33 |   0.0 |  1677
           D:3 |       0 |     146 |   0.0 |       0 |      29 |   0.0 |  1395
           D:4 |       0 |     464 |   0.0 |       0 |      22 |   0.0 |  1226
           D:5 |       0 |     963 |   0.0 |       0 |      23 |   0.0 |  1822
           D:6 |       0 |     799 |   0.0 |       0 |      17 |   0.0 |   697
         Sewer |       0 |     218 |   0.0 |       0 |      17 |   0.0 |   631
               +---------+---------+-------+---------+---------+-------+---------
